General information
			
			
        
        - name: BNet
 
        - type: Ladder team game (AT/RT)
 
        - host: Battle.net
 
        - saver: TIMG4STRok
 
        
map: GnollWood 
        - players: 6
 
        - length: 11:00
 
        - speed: Fast
 - version: 1.22 W3XP
 - replay type:  

 
» download(88 KB)
Players
        team 1 (winner) 
              
              
000000000000009 (
blue | 70 APM | 772 actions | 10:59)
              
 3 Blademaster 
 2 Wind Walk
 1 Critical Strike
 2 Shadow Hunter 
 1 Hex
 1 Healing Wave
 
                » actions 
                
                | Assign group hotkey | 20 |  | 
| Build / train | 30 |  | 
| ESC pressed | 1 |  | 
| Enter build submenu | 11 |  | 
| Enter hero's abilities submenu | 7 |  | 
| Right click | 356 |  | 
| Select / deselect | 121 |  | 
| Select group hotkey | 183 |  | 
| Use ability | 43 |  | 
                772 total
 » units 
                » upgrades
                
                | Berserker Strength | 1 |  | 
| Ensnare | 1 |  | 
                2 total
 » buildings
                
                | Altar of Storms | 1 |  | 
| Orc Burrow | 5 |  | 
| Barracks | 1 |  | 
| Voodoo Lounge | 1 |  | 
| Stronghold | 1 |  | 
| Beastiary | 2 |  | 
                11 total
 » build order
                00:12 Altar of Storms
00:21 Orc Burrow
00:36 Barracks
01:33 Orc Burrow
02:05 Voodoo Lounge
02:55 Stronghold
03:50 Orc Burrow
05:19 Beastiary
05:23 Beastiary
06:15 Orc Burrow
07:41 Orc Burrow
» items
                
                | Healing Salve | 2 |  | 
| Scroll of Town Portal | 2 |  | 
                4 total
  
               
              
              
» 
TIMG4STRok (
teal | 185 APM | 2034 actions | 11:00)
              
 2 Blademaster 
 1 Wind Walk
 1 Critical Strike
 2 Shadow Hunter 
 1 Hex
 1 Healing Wave
 
                » actions 
                
                | Assign group hotkey | 15 |  | 
| Basic commands | 39 |  | 
| Build / train | 39 |  | 
| Enter build submenu | 12 |  | 
| Enter hero's abilities submenu | 4 |  | 
| Right click | 840 |  | 
| Select / deselect | 75 |  | 
| Select group hotkey | 969 |  | 
| Use ability | 41 |  | 
                2034 total
 » units 
                
                | Peon | 7 |  | 
| Grunt | 4 |  | 
| Raider | 5 |  | 
| Spirit Walker | 2 |  | 
| Shaman | 1 |  | 
                19 total
 » upgrades
                
                | Berserker Strength | 1 |  | 
| Ensnare | 1 |  | 
| Spirit Walker Training | 1 |  | 
| Melee Weapons | 1 |  | 
| Pillage | 1 |  | 
| Armor | 1 |  | 
| Shaman Training | 1 |  | 
                7 total
 » buildings
                
                | Altar of Storms | 1 |  | 
| Orc Burrow | 5 |  | 
| Barracks | 1 |  | 
| Voodoo Lounge | 1 |  | 
| Stronghold | 1 |  | 
| Beastiary | 1 |  | 
| Spirit Lodge | 1 |  | 
| War Mill | 1 |  | 
| Fortress | 1 |  | 
                13 total
 » build order
                00:06 Altar of Storms
00:20 Orc Burrow
00:47 Barracks
01:50 Orc Burrow
01:56 Voodoo Lounge
02:46 Stronghold
03:40 Orc Burrow
05:21 Beastiary
05:25 Spirit Lodge
05:47 Orc Burrow
06:58 War Mill
08:10 Orc Burrow
10:56 Fortress
» items
                
                | Dust of Appearance | 1 |  | 
| Scroll of Town Portal | 1 |  | 
| Healing Salve | 1 |  | 
| Lesser Clarity Potion | 1 |  | 
                4 total
  
               
              
              
YEAHSHESASSBATS (
yellow | 116 APM | 1275 actions | 10:59)
              
 3 Keeper of the Grove 
 2 Entangling Roots
 1 Thorns Aura
 
                » actions 
                
                | Assign group hotkey | 14 |  | 
| Basic commands | 92 |  | 
| Build / train | 32 |  | 
| Enter build submenu | 11 |  | 
| Enter hero's abilities submenu | 3 |  | 
| Right click | 637 |  | 
| Select / deselect | 259 |  | 
| Select group hotkey | 200 |  | 
| Use ability | 27 |  | 
                1275 total
 » units 
                » upgrades
                
                | Moon Armor | 1 |  | 
| Strength of the Moon | 1 |  | 
                2 total
 » buildings
                
                | Altar of Elders | 1 |  | 
| Moon Well | 3 |  | 
| Hunter's Hall | 1 |  | 
| Ancient of War | 2 |  | 
| Tree of Ages | 1 |  | 
| Ancient of Wonders | 1 |  | 
| Tree of Life | 1 |  | 
| Tree of Eternity | 1 |  | 
| Ancient of Wind | 1 |  | 
                12 total
 » build order
                00:04 Altar of Elders
00:06 Moon Well
01:26 Hunter's Hall
01:49 Ancient of War
02:13 Ancient of War
02:26 Moon Well
03:46 Moon Well
05:51 Tree of Ages
07:25 Ancient of Wonders
08:38 Tree of Life
09:43 Tree of Eternity
10:42 Ancient of Wind
» items
                 
               team 2 (loser) 
              
              
AEDNOCH (
green | 60 APM | 643 actions | 10:40)
              
 2 Death Knight 
 1 Death Coil
 1 Unholy Aura
 
                » actions 
                
                | Assign group hotkey | 9 |  | 
| Basic commands | 111 |  | 
| Build / train | 31 |  | 
| ESC pressed | 3 |  | 
| Enter build submenu | 10 |  | 
| Enter hero's abilities submenu | 2 |  | 
| Right click | 201 |  | 
| Select / deselect | 164 |  | 
| Select group hotkey | 87 |  | 
| Use ability | 25 |  | 
                643 total
 » units 
                
                | Acolyte | 12 |  | 
| Ghoul | 5 |  | 
| Crypt Fiend | 10 |  | 
                27 total
 » buildings
                
                | Crypt | 1 |  | 
| Graveyard | 1 |  | 
| Altar of Darkness | 1 |  | 
| Ziggurat | 2 |  | 
| Tomb of Relics | 1 |  | 
| Nerubian Tower | 1 |  | 
                7 total
 » build order
                00:20 Crypt
00:25 Graveyard
00:42 Altar of Darkness
01:00 Ziggurat
01:16 Ziggurat
01:40 Tomb of Relics
03:49 Nerubian Tower
 
               
              
              
daemeron (
orange | 99 APM | 1082 actions | 10:58)
              
 3 Warden 
 2 Fan of Knives
 1 Blink
 2 Keeper of the Grove 
 1 Entangling Roots
 1 Thorns Aura
 
                » actions 
                
                | Assign group hotkey | 15 |  | 
| Basic commands | 128 |  | 
| Build / train | 44 |  | 
| Enter build submenu | 10 |  | 
| Enter hero's abilities submenu | 5 |  | 
| Give item / drop item | 1 |  | 
| Remove unit from queue | 1 |  | 
| Right click | 372 |  | 
| Select / deselect | 231 |  | 
| Select group hotkey | 217 |  | 
| Use ability | 58 |  | 
                1082 total
 » units 
                » upgrades
                
                | Improved Bows | 1 |  | 
| Strength of the Moon | 1 |  | 
                2 total
 » buildings
                
                | Altar of Elders | 1 |  | 
| Ancient of War | 2 |  | 
| Moon Well | 4 |  | 
| Tree of Ages | 1 |  | 
| Hunter's Hall | 1 |  | 
| Ancient of Lore | 2 |  | 
                11 total
 » build order
                00:05 Altar of Elders
00:15 Ancient of War
00:19 Moon Well
01:40 Moon Well
02:36 Ancient of War
03:18 Moon Well
04:22 Tree of Ages
04:47 Moon Well
05:40 Hunter's Hall
09:29 Ancient of Lore
09:31 Ancient of Lore
» items
                
                | Circlet of Nobility | 2 |  | 
| Boots of Speed | 1 |  | 
| Scroll of Healing | 1 |  | 
| Potion of Lesser Invulnerability | 3 |  | 
| Dust of Appearance | 1 |  | 
                8 total
  
               
              
              
» 
Mox_Pearl (
pink | 70 APM | 758 actions | 10:48)
              
 2 Priestess of the Moon 
 1 Trueshot Aura
 1 Searing Arrows
 
                » actions 
                
                | Assign group hotkey | 8 |  | 
| Basic commands | 70 |  | 
| Build / train | 26 |  | 
| Enter build submenu | 12 |  | 
| Enter hero's abilities submenu | 2 |  | 
| Right click | 432 |  | 
| Select / deselect | 133 |  | 
| Select group hotkey | 49 |  | 
| Use ability | 26 |  | 
                758 total
 » units 
                » upgrades
                
                | Strength of the Wild | 1 |  | 
| Reinforced Hides | 2 |  | 
                3 total
 » buildings
                
                | Altar of Elders | 1 |  | 
| Moon Well | 4 |  | 
| Hunter's Hall | 1 |  | 
| Ancient of War | 1 |  | 
| Tree of Ages | 1 |  | 
| Tree of Eternity | 1 |  | 
| Ancient of Lore | 2 |  | 
                11 total
 » build order
                00:06 Altar of Elders
00:34 Moon Well
01:04 Hunter's Hall
01:27 Ancient of War
01:54 Moon Well
03:55 Tree of Ages
04:54 Moon Well
06:11 Moon Well
06:45 Tree of Eternity
07:51 Ancient of Lore
09:17 Ancient of Lore
» items
                
                | Rod of Necromancy | 1 |  | 
| Dust of Appearance | 1 |  | 
| Scroll of Protection | 1 |  | 
                3 total
  
                Chat log
          (00:08 / Allies) YEAHSHESASSBATS: eating moon cake
(00:11 / All) TIMG4STRok: yall ready for this.......
(00:11 / Allies) YEAHSHESASSBATS: u know what that is cookie
(00:16 / Allies) 000000000000009: nope
(00:16 / All) AEDNOCH: Hell yea
(00:24 / Allies) 000000000000009: heard of it
(00:27 / Allies) 000000000000009: never eaten it
(00:32 / Allies) 000000000000009: dbl bm kotg!
(00:33 / Allies) YEAHSHESASSBATS: its an asian thing
(00:38 / Allies) TIMG4STRok: aw jeez thats nuts
(00:41 / Allies) TIMG4STRok: just nuts enough to work
(00:48 / Allies) YEAHSHESASSBATS: wow cookie whered u come up with that
(00:50 / Allies) 000000000000009: i saw micros pic
(00:56 / Allies) 000000000000009: hes a funny looking asian
(00:59 / Allies) YEAHSHESASSBATS: doesnt he have a black gf
(01:02 / Allies) 000000000000009: yea lol
(01:07 / Allies) YEAHSHESASSBATS: -.-
(01:24 / Allies) 000000000000009: clan bbq stole dbl bm kotg from me
(01:33 / Allies) TIMG4STRok: clan bbq a bunch of gays
(01:36 / Allies) YEAHSHESASSBATS: why do they all have
(01:38 / Allies) TIMG4STRok: i only know braminder
(01:39 / Allies) YEAHSHESASSBATS: 80% accounts
(01:43 / Allies) TIMG4STRok: so i judge them all off of him
(01:47 / Allies) TIMG4STRok: and hes the biggest faggot in the world
(01:58 / All) YEAHSHESASSBATS: I hit a girl today.....
(02:14 / Allies) TIMG4STRok: OK
(02:15 / All) AEDNOCH: Did she bleed?
(02:16 / Allies) YEAHSHESASSBATS: blind sided harass gogo
(02:17 / Allies) TIMG4STRok: gonna scout dis guy
(02:20 / All) YEAHSHESASSBATS: fountains..
(02:31 / Allies) TIMG4STRok: hello potm
(02:33 / All) AEDNOCH: She must have been a virgin
(02:38 / All) YEAHSHESASSBATS: ....
(02:46 / Allies) 000000000000009: fiend
(03:00 / Allies) YEAHSHESASSBATS: lol
(03:04 / Allies) TIMG4STRok: guy went aura first
(03:07 / Allies) 000000000000009: fiend
(03:08 / Allies) TIMG4STRok: single rax
(03:14 / Allies) TIMG4STRok: arch
(03:18 / Allies) TIMG4STRok: warden
(03:48 / All) YEAHSHESASSBATS: dam green
(03:49 / All) YEAHSHESASSBATS: -.-
(03:50 / Allies) TIMG4STRok: inc i think
(03:58 / Allies) TIMG4STRok: potm
(04:03 / Allies) TIMG4STRok: warden
(04:10 / Allies) TIMG4STRok: fok lmao
(04:11 / Allies) TIMG4STRok: god damn
(04:20 / Allies) YEAHSHESASSBATS: lol
(04:21 / Allies) YEAHSHESASSBATS: kill it
(04:23 / Allies) YEAHSHESASSBATS: you clown
(04:23 / Allies) TIMG4STRok: nice
(04:36 / All) 000000000000009: rick rolled nigga
(04:39 / Allies) YEAHSHESASSBATS: good harass!!
(04:41 / Allies) TIMG4STRok: creepin the merchants
(05:01 / All) 000000000000009: Grubby trained me
(05:17 / Allies) TIMG4STRok: health fuck yeah'
(05:18 / All) YEAHSHESASSBATS: jang jae ho trained me
(05:27 / All) AEDNOCH: Satan trained me
(05:54 / Allies) YEAHSHESASSBATS: goin for this kids goldmine
(05:59 / Allies) TIMG4STRok: they're in mid
(06:02 / All) 000000000000009: jae jong bong is moon
(06:25 / All) YEAHSHESASSBATS: uhh
(06:26 / All) 000000000000009: poor green
(06:29 / Allies) TIMG4STRok: damn
(06:32 / Allies) TIMG4STRok: couldnt jack the bracers
(06:40 / Allies) TIMG4STRok: god damn
(06:42 / Allies) TIMG4STRok: kill the mine
(07:03 / All) TIMG4STRok: thats what i call ownage!!!!!!!!!!
(07:21 / All) YEAHSHESASSBATS: u guys trying?
(07:30 / Allies) TIMG4STRok: can i cut this bitch off i dont klnow
(07:35 / Allies) TIMG4STRok: did you get her?
(07:56 / Allies) 000000000000009: expo that talons
(08:12 / Allies) YEAHSHESASSBATS: sure thing boss
(08:45 / Allies) YEAHSHESASSBATS: rape
(08:57 / All) YEAHSHESASSBATS: game over
(09:24 / Allies) TIMG4STRok: coming
(09:59 / All) YEAHSHESASSBATS: leave
(10:39 / All) AEDNOCH: gg